 Dungeon Crawl Stone Soup version 0.17-a0-1311-gbcbd859 (webtiles) character file.

99 kidanger the Grave Robber (level 4, -3/30 HPs)
             Began as a Mummy Necromancer on June 8, 2015.
             Killed from afar by an orc wizard (6 damage)
             ... with a puff of frost
             ... on level 2 of the Dungeon.
             The game lasted 00:07:41 (1472 turns).

kidanger the Grave Robber (Mummy Necromancer)       Turns: 1472, Time: 00:07:41

Health: -3/30      AC:  2    Str: 11    XL:     4   Next: 45%
Magic:  6/8        EV: 12    Int: 15    God:
Gold:   82         SH:  0    Dex: 12    Spells: 2 memorised, 7 levels left

rFire  x . .     SeeInvis .     d - +2 dagger (speed)
rCold  + . .     Clarity  .     f - +0 robe (curse)
rNeg   + + +     SustAt   .     (no shield)
rPois  ∞         Gourm    .     (no helmet)
rElec  .         Spirit   .     (no cloak)
rCorr  .         Warding  +     (no gloves)
rMut   .         Stasis   .     (no boots)
MR     .....                    c - amulet of warding
Stlth  ++........               (no ring)
                                (no ring)

@: very slightly contaminated, not resistant to hostile enchantments, unstealthy
A: no food or potions, fire vulnerability, cold resistance 1, negative energy
resistance 3, torment resistance, unbreathing
a: no special abilities


You were on level 2 of the Dungeon.
You were not hungry.

You visited 1 branch of the dungeon, and saw 3 of its levels.

You collected 82 gold pieces.

Inventory:

Hand weapons
 d - a +2 dagger of speed (weapon)
Missiles
 h - 4 exploding tomahawks (quivered)
Armour
 a - a +0 robe
 f - a cursed +0 robe (worn)
Jewellery
 c - an amulet of warding (around neck)
 g - a cursed ring of teleportation {unknown}
Books
 b - a book of Necromancy

   Spells                             Type                      Level
   a - Pain                           Necromancy                   1
   b - Animate Skeleton               Necromancy                   1
   c - Vampiric Draining              Necromancy                   3
   d - Regeneration                   Charms/Necromancy            3
   e - Animate Dead                   Necromancy                   4
   f - Control Undead                 Necromancy                   4


   Skills:
 + Level 0.2 Fighting
 + Level 1.7 Dodging
 + Level 1.6 Stealth
 + Level 3.0 Spellcasting
 + Level 5.2 Necromancy


You had 7 spell levels left.
You knew the following spells:

 Your Spells              Type           Power        Failure   Level  Hunger
a - Pain                  Necr           ###.         2%          1    N/A
b - Animate Skeleton      Necr           N/A          2%          1    N/A

Dungeon Overview and Level Annotations

Branches:
Dungeon (3/15)

Altars:


Innate Abilities, Weirdness & Mutations

You do not eat or drink.
Your flesh is vulnerable to fire.
You are immune to poison.
Your flesh is cold resistant.
You are immune to negative energy.
You are immune to unholy pain and torment.
You can survive without breathing.


Message History

Read which item? (? for menu, Esc to quit)
As you read the scroll labeled MARRUJ KIUM, it crumbles to dust.
The scroll dissolves into smoke.
It was a scroll of fog.
The orc wizard points at you and mumbles some strange words.
The puff of frost hits you! You resist. The orc wizard hits you with a dagger.
* * * LOW HITPOINT WARNING * * *
The orc wizard closely misses you. The orc wizard barely misses you.
The orc wizard barely misses you.
You see here a club.
The orc wizard hits you but does no damage.
The orc wizard gestures at you while chanting.
The puff of frost misses you. The orc wizard casts a spell at you.
The magic dart hits you!
* * * LOW HITPOINT WARNING * * *
The orc wizard hits you but does no damage.
The orc wizard points at you and mumbles some strange words.
The puff of frost hits you! You resist.
You die...

.# #Z# #.# .# #.# #.# .# #.#
#.# .# #.## #.# .# #..# #.#
%#####.###########.####
......................######
#####..#########o..........#
#..#########@####.#.##.#
#............# #.#.##.#
#..#####.###.# #.#.##.#
##..# #.# #.####.#.##.#
#.%.# #.###........##.#
#...# #.##.........##.######
#...# #.##)÷#.###...........
##..# #..Z.........##.###.##
#..# #.Z#..#.####.##.# #...


You could see an orc wizard.

Vanquished Creatures
  2 gnolls (D:2)
  2 adders (D:2)
  A worm (D:2)
  2 giant geckos (D:1)
  An orc (D:3)
  4 hobgoblins
  6 kobolds
  2 bats
  7 giant newts
  4 goblins
  7 rats
38 creatures vanquished.

Vanquished Creatures (collateral kills)
  3 gnolls
  A worm (D:2)
  A hobgoblin (D:1)
  A bat (D:2)
6 creatures vanquished.

Grand Total: 44 creatures vanquished

Notes
Turn   | Place    | Note
--------------------------------------------------------------
     0 | D:1      | kidanger the Mummy Necromancer began the quest for the Orb.
     0 | D:1      | Reached XP level 1. HP: 13/13 MP: 3/3
     8 | D:1      | Learned a level 1 spell: Animate Skeleton
   118 | D:1      | Reached XP level 2. HP: 17/19 MP: 0/5
   713 | D:1      | Reached XP level 3. HP: 24/24 MP: 3/6
  1041 | D:2      | Reached skill level 5 in Necromancy
  1045 | D:2      | Reached XP level 4. HP: 23/30 MP: 1/8
  1472 | D:2      | Killed from afar by an orc wizard

Vault maps used:
D:1:      tarquinn_simple_flora_water_f
D:2:      first_bread
D:3:      gup_sewer_entry_pipe

Action                   |  1- 3 |  4- 6 || total
-------------------------+-------+-------++-------
Melee: Unarmed           |     8 |       ||     8
       Dagger            |    13 |     3 ||    16
Throw: Tomahawk          |     3 |       ||     3
 Cast: Pain              |    53 |    15 ||    68
       Animate Skeleton  |     6 |     5 ||    11
  Use: Scroll            |     2 |     1 ||     3
